 Dungeon Crawl Stone Soup version 0.22-a0-252-gcace5d2 (webtiles) character file.

175 KristoblXynda the Chopper (level 5, -4/41 HPs)
             Began as a Draconian Gladiator on Mar 1, 2018.
             Killed by nerve-wracking pain
             ... invoked by an orc priest
              (9 damage)
             ... on level 3 of the Dungeon.
             The game lasted 00:02:46 (2031 turns).

KristoblXynda the Chopper (Draconian Gladiator)     Turns: 2031, Time: 00:02:46

Health: -4/41      AC:  5    Str: 16    XL:     5   Next: 29%
Magic:  5/5        EV: 13    Int: 10    God:
Gold:   92         SH:  0    Dex: 12    Spells: 4/4 levels left

rFire    . . .     SeeInvis .   a - +0 war axe
rCold    . . .     Gourm    .   (no shield)
rNeg     . . .     Faith    .   (armour unavailable)
rPois    .         Spirit   .   b - +0 hat
rElec    .         Reflect  .   (no cloak)
rCorr    .         Harm     .   (no gloves)
MR       .....                  (no boots)
Stlth    +.........             (no amulet)
HPRegen  0.13/turn              m - ring of wizardry
MPRegen  0.09/turn              (no ring)

@: no status effects
A: unfitting armour, cold-blooded, AC +5
a: no special abilities


You were on level 3 of the Dungeon.
You were not hungry.

You visited 1 branch of the dungeon, and saw 3 of its levels.

You collected 92 gold pieces.

Inventory:

Hand Weapons
 a - a +0 war axe (weapon)
Missiles
 c - 4 throwing nets (quivered)
Armour
 b - a +0 hat (worn)
Jewellery
 m - a ring of wizardry (left hand)
Scrolls
 g - a scroll of fear {unknown}
 i - a scroll of immolation {unknown}
 j - 2 scrolls of teleportation {unknown}
Potions
 e - a potion of invisibility
 h - a potion of agility {unknown}
 k - a potion of brilliance
 l - a potion of resistance {unknown}
 n - a potion of curing
Comestibles
 d - 7 rations


   Skills:
 - Level 2.1 Fighting
 * Level 5.1 Axes
 - Level 2.0 Throwing
 + Level 3.8 Dodging


You had 4 spell levels left.
You didn't know any spells.

Dungeon Overview and Level Annotations

Branches:
Dungeon (3/15)

Altars:
Makhleb


Innate Abilities, Weirdness & Mutations

Your plain brown scales are hard. (AC +5)
You cannot fit into any form of body armour.
You are cold-blooded and may be slowed by cold attacks.


Message History

Pain shoots through your body! The orc closely misses you.
You closely miss the orc priest. You hit the orc but do no damage.
The orc priest mumbles some strange prayers to Beogh against you.
Beogh smites you!
The orc hits you with a mace of protection.
You slash the orc priest!
You tail-slap the orc priest, but do no damage.
The orc priest is heavily wounded.
You slash the orc!
You kill the orc!
The orc priest mumbles some strange prayers to Beogh against you.
You barely resist. The orc wizard casts a spell at you.
The puff of frost misses you.
The orc priest calls down the wrath of Beogh upon you.
Pain shoots through your body!
* * * LOW HITPOINT WARNING * * *
The orc priest calls down the wrath of Beogh upon you.
Pain shoots through your body!
You die...

##.†###############
##..## ##..## ##..
##...# +.8.++...##
#o..##..##
#...##..##
#o..##..## #.8
##@.# #..##'####.#
#......o)o#
###########


You could see an orc priest.

Vanquished Creatures
  A crimson imp (D:2)
  4 adders
  4 gnolls (D:2)
  A worm (D:2)
  4 dart slugs
  2 leopard geckos
  An orc (D:3)
  4 giant cockroaches
  3 hobgoblins (D:1)
  2 jackals (D:1)
  2 kobolds (D:1)
  A quokka (D:2)
  A ball python (D:1)
  4 bats
  2 frilled lizards (D:1)
  10 goblins
  8 rats
54 creatures vanquished.

Notes
Turn   | Place    | Note
-------+----------+-------------------------------------------
     0 | D:1      | KristoblXynda the Draconian Gladiator began the quest for the Orb.
     0 | D:1      | Reached XP level 1. HP: 17/17 MP: 1/1
   253 | D:1      | Reached XP level 2. HP: 22/24 MP: 2/2
   635 | D:1      | Reached XP level 3. HP: 29/29 MP: 3/3
   972 | D:2      | Reached skill level 4 in Axes
  1064 | D:2      | Reached XP level 4. HP: 31/36 MP: 4/4
  1175 | D:2      | Found a burning altar of Makhleb.
  1523 | D:2      | Reached XP level 5. HP: 22/41 MP: 5/5
  1526 | D:2      | Reached skill level 5 in Axes
  2031 | D:3      | Killed from afar by an orc priest

Vault maps used:
D:1:      grunt_arrival_crossed_arrows, dk_noncrumbling_4, serial_park_tiny_2
D:2:      lemuel_doored_altar
D:3:      first_ration, grunt_decor_arrowhead, uniq_grinder

Skill      XL: |  1  2  3  4  5 |
---------------+----------------+-----
Throwing       | 2 |  2.0
Dodging        | 3 |  3.8
Axes           | 4 5 |  5.1
Fighting       | |  2.1

Action                   |  1- 3 |  4- 6 || total
-------------------------+-------+-------++-------
Melee: War axe           |    72 |    49 ||   121
       Tailslap          |     6 |     6 ||    12
Throw: Throwing net      |       |     2 ||     2
  Use: Potion            |       |     1 ||     1
       Scroll            |       |     2 ||     2
 Stab: Sleeping          |     4 |     1 ||     5
  Eat: Chunk             |       |     4 ||     4
Armor: Skin              |    15 |    11 ||    26
Dodge: Dodged            |    59 |    30 ||    89

Table legend:
 A = Spawn XP
 B = Non-spawn XP
 C = Spawn XP percentage of total XP
 D = Spawn monster count
 E = Non-spawn monster count
 F = Spawn count percentage of total count
 G = Total turns spent on level
                    A         B        C        D         E        F      G
               +---------+---------+-------+---------+---------+-------+---------
         Total |       0 |     250 |   0.0 |       0 |      54 |   0.0 |  2031
               +---------+---------+-------+---------+---------+-------+---------
           D:1 |       0 |      48 |   0.0 |       0 |      25 |   0.0 |   958
           D:2 |       0 |     184 |   0.0 |       0 |      26 |   0.0 |  1000
           D:3 |       0 |      18 |   0.0 |       0 |       3 |   0.0 |    73
               +---------+---------+-------+---------+---------+-------+---------
